Map: Ice and Chrome LE

Players

Throwfordays

  • Race: Protoss Protoss
  • League: Silver
  • Spawn Location: 1:00

Heisenberg - Winner!

  • Race: Zerg Zerg
  • League: Silver
  • Spawn Location: 7:00

VOD

Have the link to the VOD?

Description

Time

  • Played on: June 26, 2020, 8:10 p.m.
  • Length: 7:07
Show
View Real Time Build Order
Export as new Build Order

Throwfordays Protoss 

Build Orders: 1 Gate Expand 

Get SALT Encoding   

  12  0:01  Probe  
  13  0:13  Probe  
  14  0:21  Pylon  
  14  0:25  Probe  
  15  0:39  Probe  
  16  0:46  Gateway  
  16  0:51  Probe  
  16  0:53  Assimilator  
  17  1:18  Probe  
  17  1:23  Nexus  
  18  1:35  Cybernetics Core  
  18  1:40  Probe  
  19  1:48  Probe  
  19  1:51  Warp Gate  
  19  1:53  Zealot  
  22  1:56  Probe  
  23  2:03  Pylon  
  23  2:22  Gateway  
  23  2:31  Adept, Probe  
  26  2:39  Probe  
  26  2:40  Probe  
  28  2:46  Assimilator  
  28  2:49  Probe  
  28  2:52  Probe  
  30  3:09  Adept  
  34  3:15  Shield Battery  
  34  3:19  Shield Battery  
  32  3:28  Gateway  
  32  3:36  Gateway  
  32  3:41  Robotics Facility  
  32  3:47  Assimilator  
  32  3:48  Probe  
  32  3:49  Assimilator, Probe  
  34  3:56  Probe  
  34  4:02  Probe  
  36  4:06  Probe  
  36  4:07  Stalker  
  39  4:14  Probe  
  36  4:18  Probe  
  33  4:25  Adept  
  33  4:28  Immortal  
  33  4:30  Probe  
  37  4:32  Adept  
  37  4:33  Adept  
  34  4:48  Adept  
  31  5:10  Adept  
  28  5:34  Zealot  
  28  5:35  Zealot x2  
  32  5:40  Probe  
  34  5:48  Probe  
  34  5:49  Probe  
  37  5:58  Probe  
  37  6:01  Probe  
  39  6:10  Probe  
  40  6:18  Observer  
  41  6:22  Probe  
  41  6:23  Cybernetics Core  
  42  6:31  Zealot  
  42  6:32  Zealot  
  46  6:33  Pylon  
  46  6:36  Probe  
  39  6:46  Zealot  
  41  6:48  Probe  
Show
View Real Time Build Order
Export as new Build Order

Heisenberg Zerg - Winner!

Build Orders: Hatch First 

Get SALT Encoding   

  12  0:06  Drone  
  13  0:14  Overlord  
  13  0:17  Drone  
  14  0:32  Drone  
  14  0:33  Drone  
  16  0:52  Hatchery  
  15  0:57  Drone  
  15  0:59  Drone  
  15  1:03  Drone  
  18  1:17  Extractor  
  17  1:19  Drone  
  17  1:23  Spawning Pool  
  17  1:25  Drone  
  18  1:37  Drone  
  19  1:57  Overlord  
  19  2:12  Queen x2  
  19  2:13  Zergling x6  
  26  2:17  Zergling x2  
  26  2:18  Zergling x2  
  26  2:21  Metabolic Boost  
  28  2:44  Baneling Nest  
  28  2:46  Zergling x8  
  31  2:56  Zergling x4  
  33  3:11  Zergling x8  
  35  3:20  Zergling x2  
  35  3:30  Baneling  
  35  3:36  Zergling x2  
  35  3:38  Baneling x3  
  35  3:39  Baneling, Overlord  
  36  3:53  Baneling x2  
  36  3:59  Zergling x10  
  36  4:00  Zergling x2  
  38  4:18  Zergling x12  
  38  4:19  Zergling x2  
  42  4:37  Lair  
  40  4:40  Zergling x4  
  26  5:23  Zergling x4  
  26  5:24  Zergling x12  
  26  5:25  Zergling x8  
  35  5:36  Spore Crawler  
  34  5:44  Baneling x2  
  34  5:52  Zergling x6  
  34  5:53  Zergling x6  
  40  6:11  Baneling x9  
  40  6:24  Baneling  
  40  6:25  Zergling x2  
  40  6:26  Zergling x6  
Tags
 
Add a new tag
Caveats
  • Supply blocks, unpowered buildings, or Contaminate may cause inaccurate times.
  • Supply counts are checked every 10 seconds.